 Dungeon Crawl Stone Soup version 0.30-a0-50-gb2d611f6b1 (webtiles) character file.

Game seed: 18343400076255785753

3826 gruber the Reanimator (level 9, -6/55 (57) HPs)
             Began as a Demonspawn Necromancer on Sept 4, 2022.
             Was an Initiate of Yredelemnul.
             Mangled by Harold
             ... wielding a +0 morningstar
              (10 damage)
             ... on level 9 of the Dungeon.
             The game lasted 00:14:50 (10506 turns).

gruber the Reanimator (Demonspawn Necromancer)     Turns: 10506, Time: 00:14:51

HP:   -6/55 (57)    AC: 11    Str:  9    XL:     9   Next: 97%
MP:   0/18          EV: 14    Int: 21    God:    Yredelemnul [......]
Gold: 511           SH:  0    Dex: 10    Spells: 7/20 levels left

rFire   + . .      SeeInvis .    H - +4 short sword (freeze)
rCold   . . .      Faith    .    (no shield)
rNeg    . . .      Spirit   +    a - +3 leather armour of a volcano {rPois rF+ Dex-3}
rPois   +          Reflect  .    y - +2 helmet
rElec   .          Harm     .    (no cloak)
rCorr   .          Rampage  .    (no gloves)
Will    +....                    F - +0 pair of boots
Stlth   +.........               L - amulet of guardian spirit
HPRegen 0.18/turn                r - ring of willpower
MPRegen 0.16/turn                I - +4 ring of slaying

@: marked, very slightly contaminated, studying Throwing, lightly drained
A: hooves 1, repulsion field 2, spiny 1
a: Renounce Religion, Recall Undead Harvest


You were on level 9 of the Dungeon.
You worshipped Yredelemnul.
Yredelemnul was noncommittal.
You visited 2 branches of the dungeon, and saw 10 of its levels.

You collected 511 gold pieces.

Inventory:

Hand Weapons
 G - a +3 short sword of protection
 H - a +4 short sword of freezing (weapon)
Armour
 a - the +3 leather armour of a volcano (worn) {rPois rF+ Dex-3}
   (You found it on level 7 of the Dungeon)

   Dex:       It affects your dexterity (-3).
   rF:        It protects you from fire.
   rPois:     It protects you from poison.
 y - a +2 helmet (worn)
 F - a +0 pair of boots (worn)
Jewellery
 r - a ring of willpower (left hand)
 I - a +4 ring of slaying (right hand)
 K - a ring of positive energy
 L - an amulet of guardian spirit (around neck)
Wands
 t - a wand of mindburst (13)
 D - a wand of flame (17)
 E - a wand of roots (12)
 J - a wand of light (13)
Scrolls
 d - 2 scrolls of immolation {unknown}
 e - 2 scrolls of butterflies {unknown}
 f - 4 scrolls of teleportation {unknown}
 h - a scroll of enchant weapon {unknown}
 k - a scroll of amnesia {unknown}
 m - 2 scrolls of magic mapping {unknown}
 n - a scroll of torment {unknown}
 o - 6 scrolls of identify {unknown}
 p - 2 scrolls of silence {unknown}
 s - 2 scrolls of vulnerability {unknown}
 u - 2 scrolls of enchant armour {unknown}
 x - 2 scrolls of blinking {unknown}
 C - a scroll of summoning {unknown}
Potions
 b - a potion of magic
 c - 2 potions of invisibility {unknown}
 g - 6 potions of curing {unknown}
 i - a potion of berserk rage {unknown}
 j - a potion of resistance {unknown}
 l - a potion of flight {unknown}
 q - 8 potions of heal wounds {unknown}
 v - a potion of degeneration {unknown}
 w - 3 potions of attraction {unknown}
 z - 5 potions of cancellation {unknown}
 A - 2 potions of ambrosia {unknown}
 B - a potion of haste {unknown}
 M - 2 potions of brilliance {unknown}


   Skills:
 - Level 0.7 Long Blades
 - Level 0.5(0.7) Axes
 - Level 0.5(0.9) Maces & Flails
 - Level 0.5(0.7) Staves
 - Level 0.6 Ranged Weapons
 - Level 0.9 Throwing
 - Level 7.2 Armour
 - Level 1.7 Dodging
 - Level 1.8 Stealth
 - Level 0.7 Shields
 + Level 6.2 Spellcasting
 - Level 0.9 Conjurations
 - Level 0.7 Hexes
 - Level 0.8 Summonings
 * Level 9.1 Necromancy
 - Level 0.6 Translocations
 - Level 1.0 Transmutations
 - Level 0.7 Fire Magic
 - Level 0.7 Ice Magic
 - Level 0.9 Air Magic
 - Level 4.1 Earth Magic
 - Level 0.8 Poison Magic
 - Level 1.1 Invocations


You had 7 spell levels left.
You knew the following spells:

 Your Spells              Type           Power      Damage    Failure   Level
a - Necrotise             Necr           100%       1d9       1%          1
b - Vampiric Draining     Necr           44%        2d9       1%          3
c - Animate Dead          Necr           44%        N/A       3%          4
d - Borgnjor's Vile Clut  Necr/Erth      17%        N/A       24%         5

Your spell library contained the following spells:

 Spells                   Type           Power      Damage    Failure   Level
 Foxfire                  Conj/Fire      40%        2x1d6     9%          1
 Agony                    Necr           44%        N/A       9%          5
 Freeze                   Ice            36%        1d6       10%         1
 Conjure Flame            Conj/Fire      10%        6-21      26%         3
 Frozen Ramparts          Ice            18%        1d3       28%         3
 Inner Flame              Hex/Fire       9%         N/A       28%         3
 Ozocubu's Armour         Ice            9%         N/A       28%         3
 Flame Wave               Conj/Fire      10%        2d6       65%         4
 Hailstorm                Conj/Ice       10%        3d5       65%         4
 Cause Fear               Hex            4%         N/A       67%         4
 Alistair's Intoxication  Tmut/Pois      6%         N/A       94%         5
 Eringya's Noxious Bog    Tmut/Pois      5%         N/A       100%        6
 Dragon Form              Tmut           5%         N/A       100%        7
 Ozocubu's Refrigeration  Ice            4%         4d8       100%        7
 Dragon's Call            Summ           4%         N/A       100%        9


Dungeon Overview and Level Annotations

Branches:
Dungeon (9/15)             Temple (1/1) D:6
   Lair: D:8-11         Orc: D:9-12

Altars:
Ashenzari
Cheibriados
Dithmenos
Fedhas
Gozag
Hepliaklqana
Kikubaaqudgha
Makhleb
Qazlal
Ru
Trog
Yredelemnul

Annotations:
D:9 Harold


Innate Abilities, Weirdness & Mutations

You have large cloven feet.
You are surrounded by a moderate repulsion field. (EV +3)
You are partially covered in sharp spines.


Message History

Harold struggles to escape constriction.
Harold resists with significant effort.
The zombie hands constrict Harold!
Harold escapes!
Casting: Necrotise (safe; 1% risk of failure)
Confirm with . or Enter, or press ? or * to list all spells.
The spell is quite dangerous to miscast (24% risk of failure)!
Continue anyway?
Aiming: Borgnjor's Vile Clutch (quite dangerous; 24% risk of failure)
Press: ? - help, Shift-Dir - straight line, f/p - Harold
Aim: Harold, wielding a +0 morningstar, wearing a +0 scale mail and quivering 2 throwing nets (moderately wounded, 100% to hit)
You miscast Borgnjor's Vile Clutch.
You are very lightly contaminated with residual magic.
You are engulfed in negative energy!
You feel drained. Harold is struck by your spines.
Harold hits you with a +0 morningstar!!
Unknown command.
Unknown command.
Casting: Borgnjor's Vile Clutch (quite dangerous; 24% risk of failure)
Confirm with . or Enter, or press ? or * to list all spells.
You don't have enough magic to cast this spell.
Harold is nearby!
Unknown command.
Unknown command.
Unknown command.
Harold throws a throwing net.
The throwing net hits you.
You become entangled in the net!
You see here a throwing net.
You struggle against the net.
You struggle against the net.
Harold points at you and mumbles some strange words.
A sentinel's mark forms upon you.
You struggle against the net.
Harold barely misses you.
You rip the net and break free!
Harold hits you with a +0 morningstar. Harold attacks as you move away!
Harold hits you but does no damage. Harold fires a harpoon shot at you.
The harpoon shot hits you!!
* * * LOW HITPOINT WARNING * * *
You are yanked forward by the harpoon shot.
Harold attacks as you move away! Harold is struck by your spines.
Harold hits you with a +0 morningstar!
You die...
Your body rises from the dead as a mindless zombie.

..##......................?....
..#..##.......#.............@##
.....#........###.........l...#
.....#......##.#.>#............
.##.........##......##.........
......#.....#...(...####.......
..........#.......#.).)........
......#...#.....@.#............
..)...#.........@##....##.....#
..#...#..#######..............#
#.##......# #....#...#.......
...###...## #.....#..#######.#
....##....#............ .
##..#........###.....#..
##....#..#........##
###.###.##.......# ##...# #...
#.##...


You could see Harold.

Vanquished Creatures
  A two-headed ogre (D:8)
  3 water moccasins
  3 ice beasts
  A sky beast (D:7)
  2 black bears
  3 ogres
  2 centaurs (D:7)
  2 kobold brigands (D:6)
  2 bullfrogs
  A necrophage (D:6)
  A scorpion (D:6)
  6 wights
  5 killer bees (D:8)
  A howler monkey (D:7)
  A jelly (D:5)
  2 orc priests (D:4)
  4 iguanas
  5 orc wizards
  Robin (D:2)
  3 gnolls (D:4)
  7 adders
  A shadow imp (D:5)
  A white imp (D:7)
  An ufetubus (D:7)
  2 worms
  6 dart slugs
  27 orcs
  5 bats
  5 endoplasms
  2 giant cockroaches
  13 goblins
  10 hobgoblins
  A jackal (D:3)
  16 kobolds
  2 quokkas
  10 ball pythons
  2 frilled lizards
  8 rats
  A butterfly (D:6)
169 creatures vanquished.

Vanquished Creatures (collateral kills)
  A wyvern (D:8)
  A water moccasin (D:7)
  2 wights
  A killer bee (D:8)
  2 jellies
  A worm (D:2)
  2 orcs (D:6)
  An endoplasm (D:3)
  2 goblins
  2 kobolds
15 creatures vanquished.

Vanquished Creatures (others)
  A centaur zombie (D:7)
  A scorpion zombie (D:6)
  9 kobold zombies (D:6)
  6 orc zombies
  A spectral ufetubus (D:7)
18 creatures vanquished.

Grand Total: 202 creatures vanquished

Notes
Turn   | Place    | Note
-------+----------+-------------------------------------------
     0 | D:1      | gruber the Demonspawn Necromancer began the quest for the
                  | Orb.
     0 | D:1      | Reached XP level 1. HP: 13/13 MP: 3/3
     9 | D:1      | Found a faded altar of an unknown god.
   618 | D:1      | Gained mutation: You have large cloven feet. [demonic
                  | ancestry]
   618 | D:1      | Reached XP level 2. HP: 19/19 MP: 1/5
   891 | D:1      | Reached skill level 5 in Necromancy
  1398 | D:2      | Gained mutation: You are surrounded by a mild repulsion
                  | field. (EV +2) [demonic ancestry]
  1398 | D:2      | Reached XP level 3. HP: 11/24 MP: 0/6
  1723 | D:2      | Noticed Robin
  2505 | D:2      | Killed Robin
  2506 | D:2      | Gained mutation: You are surrounded by a moderate repulsion
                  | field. (EV +3) [demonic ancestry]
  2506 | D:2      | Reached XP level 4. HP: 30/30 MP: 3/8
  2770 | D:2      | Learned a level 3 spell: Vampiric Draining
  2775 | D:2      | Learned a level 4 spell: Animate Dead
  3580 | D:3      | Reached skill level 6 in Necromancy
  3591 | D:3      | Reached XP level 5. HP: 35/35 MP: 4/10
  4604 | D:4      | Reached XP level 6. HP: 21/41 MP: 5/11
  4795 | D:4      | Reached skill level 7 in Necromancy
  5297 | D:5      | Entered Level 5 of the Dungeon
  5838 | D:4      | Reached XP level 7. HP: 24/46 MP: 6/14
  5997 | D:5      | Reached skill level 8 in Necromancy
  6068 | D:5      | Reached skill level 5 in Spellcasting
  6136 | D:5      | Learned a level 5 spell: Borgnjor's Vile Clutch
  6461 | D:5      | Reached skill level 9 in Necromancy
  6642 | D:5      | Gained mutation: You are partially covered in sharp spines.
                  | [demonic ancestry]
  6642 | D:5      | Reached XP level 8. HP: 52/52 MP: 11/16
  6712 | D:5      | Found a bloodstained altar of Trog.
  7650 | D:6      | Found a staircase to the Ecumenical Temple.
  7659 | Temple   | Entered the Ecumenical Temple
  7698 | Temple   | Became a worshipper of Yredelemnul the Dark
  7714 | D:6      | Reached skill level 1 in Invocations
  8044 | D:6      | Reached skill level 1 in Transmutations
  8091 | D:6      | Reached skill level 1 in Earth Magic
  8093 | D:6      | Reached * piety under Yredelemnul
  8566 | D:6      | Reached ** piety under Yredelemnul
  8775 | D:6      | Reached XP level 9. HP: 39/57 MP: 18/18
  8947 | D:7      | Identified the +3 leather armour of a volcano {rPois rF+
                  | Dex-3}
  8966 | D:7      | Reached skill level 1 in Armour
  9466 | D:8      | Noticed a two-headed ogre
  9475 | D:8      | Killed a two-headed ogre
  9476 | D:8      | Reached skill level 5 in Armour
  9603 | D:8      | Reached *** piety under Yredelemnul
 10482 | D:9      | Noticed Harold
 10506 | D:9      | Mangled by Harold

Illustrated notes

Levels and vault maps discovered:
D:1:      eino_arrival_druids_welcome, layout_basic,
          hellmonk_ecumenical_altar_slurped_away, chequers_serial_rivers_micro_a
D:2:      layout_rooms, serial_glass, glass_columns_a, glass_columns_a,
          uniq_robin
D:3:      minmay_angry_zag, layout_loops_corners, nrook_mini_vaults,
          st_stairs_1, kennysheep_nondescript, minmay_misc_feat_room
D:4:      layout_loops_ring
D:5:      layout_loops_cross, gammafunk_temple_overflow_wave
D:6:      layout_gridville, minmay_temple_entry_butterflies
D:7:      layout_rooms, kennysheep_small_spiral, kennysheep_doodads,
          minmay_crystal_room, minmay_manual_mess
D:8:      layout_basic
D:9:      layout_cave_pools, nzn_wu_jian_contemplation, david_lair_shrubbed,
          uniq_harold
Temple:   hellmonk_temple_of_storms

Skill      XL: |  1  2  3  4  5  6  7  8  9 |
---------------+----------------------------+-----
Necromancy     | 5 6 7 9 |  9.1
Spellcasting   | 3 4 5 6 |  6.2
Invocations    | 1 |  1.1
Transmutations | 1 |  1.0
Earth Magic    | 3 4 |  4.1
Armour         | 7 |  7.2
Long Blades    | |  0.7
Axes           | |  0.5
Maces & Flails | |  0.5
Staves         | |  0.5
Ranged Weapons | |  0.6
Throwing       | |  0.9
Dodging        | |  1.7
Stealth        | |  1.8
Shields        | |  0.7
Conjurations   | |  0.9
Hexes          | |  0.7
Summonings     | |  0.8
Translocations | |  0.6
Fire Magic     | |  0.7
Ice Magic      | |  0.7
Air Magic      | |  0.9
Poison Magic   | |  0.8

Action                   |  1- 3 |  4- 6 |  7- 9 || total
-------------------------+-------+-------+-------++-------
Melee: Unarmed           |    13 |       |       ||    13
       Kick              |     6 |     1 |    13 ||    20
       Dagger            |       |     2 |    36 ||    38
       Short sword       |       |       |    43 ||    43
       Punch             |       |       |     1 ||     1
 Cast: Necrotise         |    77 |   150 |   137 ||   364
       Vampiric Draining |       |       |    12 ||    12
       Animate Dead      |       |       |     4 ||     4
       Borgnjor's Vile C |       |       |     5 ||     5
Invok: Dark Bargain      |       |       |     1 ||     1
 Stab: Distracted        |       |       |     1 ||     1
Armor: Robe              |     9 |    14 |    18 ||    41
       Leather armour    |       |       |    25 ||    25
Dodge: Dodged            |    29 |    66 |   115 ||   210

Table legend: (Time is in decaauts)
 A = Elapsed time spent in this place.
 B = Non-inter-level travel time spent in this place.
 C = Inter-level travel time spent in this place.
 D = Time resting spent in this place.
 E = Time spent auto-exploring this place.
 F = Levels seen in this place.
 G = Mean time per level.
                   A        B        C        D        E       F      G
               +--------+--------+--------+--------+--------+-----+--------+
         Total |  10508 |  10202 |    306 |    511 |   8147 |  10 | 1050.8 |
       Dungeon |  10463 |  10163 |    300 |    511 |   8147 |   9 | 1162.6 |
        Temple |     44 |     39 |      5 |      0 |      0 |   1 |   44.0 |
               +--------+--------+--------+--------+--------+-----+--------+

Top non-repeatable levels by time:
     D:5: 1710 daAuts
     D:6: 1699 daAuts
     D:1: 1603 daAuts
     D:3: 1383 daAuts
     D:4: 1277 daAuts
     D:2: 1187 daAuts
     D:8: 984 daAuts
     D:7: 531 daAuts
     D:9: 85 daAuts
  Temple: 44 daAuts
